 Dungeon Crawl Stone Soup version 0.30-b1-2-g02819fbbbe (webtiles) character file.

Game seed: 16462265951153251114

1476069 emiel the Impaler (level 27, 292/292 HPs)
             Began as a Naga Fighter on Jan 8, 2024.
             Was an Initiate of Gozag.
             Escaped with the Orb
             ... and 3 runes!
             The game lasted 01:50:05 (90582 turns).

emiel the Impaler (Naga Fighter)                   Turns: 90582, Time: 01:50:06

Health: 292/292    AC: 52    Str: 38    XL:     27
Magic:  24/24      EV: 15    Int:  9    God:    Gozag
Gold:   3113       SH:  5    Dex: 20    Spells: 31/32 levels left

rFire   + + .        G - +8 glaive "Dragon's Tongue" {speed, rPois Str+3 Int+4 Stlth-}
rCold   + . .        (shield currently unavailable)
rNeg    + . .        L - +14 plate armour of Xacegiti {rPois Int+2}
rPois   +            g - +0 helmet of the Kettle-Drum {Str+2 Int-5 Slay+6}
rElec   +            n - scarf of Xufutuf {rC+ rF+, Stlth+}
rCorr   +            a - +2 pair of gloves {infuse}
SInv    +            H - +4 barding {rF+}
Will    +++..        h - amulet "Tobretuf" {Reflect rPois Dex+4 SH+5} Stlth
                     F - +4 ring of slaying
HPRegen 0.68/turn    V - ring of Mutualism {rElec rPois rN+ rCorr Str+3}
MPRegen 0.19/turn

%: random rage (3%), reflection, infuse magic (1 MP)
@: on berserk cooldown, slowed, bribing [the Dungeon, the Realm of Zot], very
slow
A: AC +9, large, see invisible, deformed body, poison resistance, slowness 2,
spit poison 2, naga tail 2, berserk 1, low MP 1, robust 1, strong 1
0: Orb of Zot
}: 3/15 runes: decaying, serpentine, silver
a: Breathe Poison Gas, Renounce Religion, Potion Petition, Call Merchant, Bribe
Branch


You escaped.
You worshipped Gozag.
Gozag was most pleased with you.
You visited 9 branches of the dungeon, and saw 47 of its levels.
You visited 1 ziggurat, and saw 6 of its levels.
You also visited: Gauntlet, Ice Cave and Volcano.

You collected 30978 gold pieces.
You spent 8809 gold pieces at shops.
You paid 19056 gold pieces to Gozag.

Inventory:

Hand Weapons
 G - the +8 glaive "Dragon's Tongue" (weapon) {speed, rPois Str+3 Int+4 Stlth-}
   (You acquired it on level 8 of the Dungeon)

   Str:       It affects your strength (+3).
   Int:       It affects your intelligence (+4).
   rPois:     It protects you from poison.
   Stlth:     It makes you less stealthy.
 P - a +9 heavy bardiche
Missiles
 c - 4 silver javelins (quivered)
 B - 5 throwing nets
 J - 19 curare-tipped darts
Armour
 a - a +2 pair of gloves of infusion (worn)
 b - the +1 cloak of Quiet Fog {Fly Regen+ rCorr Str+2}
   (You found it on level 3 of the Depths)

   Str:       It affects your strength (+2).
   Fly:       It grants you flight.
   Regen:     It increases your rate of health regeneration.
   rCorr:     It protects you from acid and corrosion.
 g - the +0 helmet of the Kettle-Drum (worn) {Str+2 Int-5 Slay+6}
   (You found it on level 1 of the Elven Halls)

   Str:       It affects your strength (+2).
   Int:       It affects your intelligence (-5).
   Slay:      It affects your accuracy & damage with ranged weapons and melee
   (+6).
 n - the scarf of Xufutuf (worn) {rC+ rF+, Stlth+}
   (You bought it in a shop on level 15 of the Dungeon)

   Stlth:     It makes you more stealthy.
 H - a +4 barding of fire resistance (worn)
 L - the +14 plate armour of Xacegiti (worn) {rPois Int+2}
   (You found it on level 5 of the Realm of Zot)

   Int:       It affects your intelligence (+2).
   rPois:     It protects you from poison.
Jewellery
 d - the ring of Mutualism {rC+ Will+ rCorr Dex+3}
   (You found it on level 4 of the Vaults)

   [ring of resist corrosion]

   Dex:       It affects your dexterity (+3).
   rC:        It protects you from cold.
   rCorr:     It protects you from acid and corrosion.
   Will:      It increases your willpower.
 h - the amulet "Tobretuf" (around neck) {Reflect rPois Dex+4 SH+5}
   (You bought it in a shop on level 1 of the Depths)

   [amulet of reflection]

   It reflects blocked missile attacks.
   Dex:       It affects your dexterity (+4).
   rPois:     It protects you from poison.
   SH:        It affects your SH (+5).
 F - a +4 ring of slaying (left hand)
 Q - a +4 ring of slaying
 R - a ring of flight
 S - the ring "Qumpuf Ihym" {rF+ rCorr Int+6}
   (You found it on level 1 of the Vaults)

   [ring of intelligence]

   Int:       It affects your intelligence (+6).
   rF:        It protects you from fire.
   rCorr:     It protects you from acid and corrosion.
 V - the ring of Mutualism (right hand) {rElec rPois rN+ rCorr Str+3}
   (You took it off a tengu warrior on level 2 of the Depths)

   [ring of positive energy]

   Str:       It affects your strength (+3).
   rElec:     It insulates you from electricity.
   rPois:     It protects you from poison.
   rN:        It protects you from negative energy.
   rCorr:     It protects you from acid and corrosion.
Wands
 e - a wand of flame (47)
 s - a wand of mindburst (19)
 u - a wand of acid (8)
 A - a wand of iceblast (5)
 K - a wand of charming (37)
 O - a wand of digging (10)
Scrolls
 i - 2 scrolls of blinking
 k - 12 scrolls of teleportation
 l - a scroll of poison
 m - 25 scrolls of identify
 o - 6 scrolls of fog
 p - 6 scrolls of torment
 v - 2 scrolls of noise
 w - 5 scrolls of vulnerability
 C - 4 scrolls of immolation
 D - 10 scrolls of magic mapping
 E - 8 scrolls of fear
 I - 2 scrolls of silence
 W - 3 scrolls of amnesia
 X - 4 scrolls of butterflies
Potions
 f - 6 potions of cancellation
 r - 16 potions of curing
 t - 6 potions of mutation
 x - 7 potions of flight
 y - a potion of berserk rage
 z - 3 potions of haste
 M - 6 potions of lignification
 N - 2 potions of resistance
 T - 11 potions of heal wounds
 U - 3 potions of ambrosia
 Y - 5 potions of might
Miscellaneous
 j - a lightning rod (4/4)
 q - a condenser vane
 Z - a box of beasts


   Skills:
 + Level 19.2 Fighting
 - Level 9.8(16.3) Axes
 - Level 20.4(21.2) Polearms
 + Level 18.5 Throwing
 + Level 17.1 Armour
 + Level 17.2 Dodging
 - Level 5.0 Shields
 - Level 3.0 Spellcasting
 - Level 5.0 Translocations
 + Level 20.3 Evocations


You had 31 spell levels left.
You knew the following spells:

 Your Spells              Type           Power      Damage    Failure   Level
a - Apportation           Tloc           20%        N/A       14%         1

Your spell library contained the following spells:

 Spells                   Type           Power      Damage    Failure   Level
 Lesser Beckoning         Tloc           20%        N/A       21%         2
 Gell's Gravitas          Tloc           10%        N/A       38%         3
 Teleport Other           Tloc           10%        N/A       38%         3
 Necrotise                Necr           4%         1d4       71%         1
 Sandblast                Erth           2%         2d4       71%         1
 Shock                    Conj/Air       4%         1d3       71%         1
 Summon Small Mammal      Summ           4%         N/A       71%         1
 Vhi's Electric Charge    Tloc/Air       10%        N/A       75%         3
 Volatile Blastmotes      Fire/Tloc      10%        2d10      75%         3
 Manifold Assault         Tloc           10%        N/A       80%         4
 Passage of Golubria      Tloc           10%        N/A       80%         4
 Call Imp                 Summ           2%         N/A       85%         2
 Cigotuvi's Dreadful Rot  Necr/Pois/Air  2%         N/A       85%         2
 Ensorcelled Hibernation  Hex/Ice        2%         N/A       85%         2
 Passwall                 Tmut/Erth      0%         N/A       85%         2
 Poisonous Vapours        Pois/Air       2%         N/A       85%         2
 Sublimation of Blood     Necr           1%         N/A       85%         2
 Wereblood                Tmut           1%         N/A       85%         2
 Call Canine Familiar     Summ           1%         N/A       97%         3
 Hailstorm                Conj/Ice       1%         3d3       97%         3
 Ignite Poison            Fire/Tmut/Pois 1%         N/A       97%         3
 Inner Flame              Hex/Fire       1%         N/A       97%         3
 Mephitic Cloud           Conj/Pois/Air  1%         N/A       97%         3
 Ozocubu's Armour         Ice            1%         N/A       97%         3
 Spider Form              Tmut/Pois      1%         N/A       97%         3
 Stone Arrow              Conj/Erth      2%         3d7       97%         3
 Swiftness                Air            1%         N/A       97%         3
 Tukima's Dance           Hex            1%         N/A       97%         3
 Iskenderun's Mystic Bla  Conj/Tloc      5%         2d3       98%         4
 Airstrike                Air            0%         2d(1-17)  100%        4
 Animate Armour           Summ/Erth      2%         N/A       100%        4
 Dispel Undead            Necr           1%         3d6       100%        4
 Flame Wave               Conj/Fire      1%         2d4       100%        4
 Fulminant Prism          Conj/Hex       0%         3d5       100%        4
 Ice Form                 Ice/Tmut       1%         N/A       100%        4
 Petrify                  Tmut/Erth      1%         N/A       100%        4
 Summon Ice Beast         Ice/Summ       1%         N/A       100%        4
 Summon Lightning Spire   Summ/Air       1%         N/A       100%        4
 Alistair's Intoxication  Tmut/Pois      0%         N/A       100%        5
 Arcjolt                  Conj/Air       0%         1d10      100%        5
 Fireball                 Conj/Fire      0%         3d3       100%        5
 Freezing Cloud           Conj/Ice/Air   0%         6-21      100%        5
 Irradiate                Conj/Tmut      0%         3d11      100%        5
 Iskenderun's Battlesphe  Conj           1%         2d6       100%        5
 Lee's Rapid Deconstruct  Erth           0%         3d4*      100%        5
 Metabolic Englaciation   Hex/Ice        0%         N/A       100%        5
 Yara's Violent Unravell  Hex/Tmut       0%         3d3       100%        5
 Conjure Ball Lightning   Conj/Air       0%         3x3d6     100%        6
 Death Channel            Necr           0%         N/A       100%        6
 Dispersal                Tloc           5%         N/A       100%        6
 Iron Shot                Conj/Erth      0%         9d1       100%        6
 Starburst                Conj/Fire      0%         6d3       100%        6
 Statue Form              Tmut/Erth      0%         N/A       100%        6
 Summon Cactus Giant      Summ           0%         N/A       100%        6
 Enfeeble                 Hex            0%         N/A       100%        7
 Malign Gateway           Summ/Tloc      2%         N/A       100%        7
 Orb of Destruction       Conj           0%         9d5       100%        7
 Spellforged Servitor     Conj/Summ      0%         N/A       100%        7
 Storm Form               Tmut/Air       0%         N/A       100%        7
 Summon Hydra             Summ           0%         N/A       100%        7
 Borgnjor's Revivificati  Necr           0%         N/A       100%        8
 Discord                  Hex            0%         N/A       100%        8
 Disjunction              Tloc           5%         N/A       100%        8
 Ignition                 Fire           0%         3d3       100%        8
 Maxwell's Capacitive Co  Air            0%         ∞         100%        8
 Necromutation            Tmut/Necr      0%         N/A       100%        8
 Death's Door             Necr           0%         N/A       100%        9
 Simulacrum               Ice/Necr       Unusable   N/A       N/A         6

Dungeon Overview and Level Annotations

Branches:
Dungeon (15/15)            Temple (0/1) D:7            Lair (5/5) D:11
  Swamp (4/4) Lair:3        Snake (4/4) Lair:2        Slime (0/5) Lair:5
    Orc (2/2) D:11            Elf (3/3) Orc:2        Vaults (5/5) D:14
  Crypt (0/3) Vaults:2     Depths (4/4) D:15            Zot (5/5) Depths:4
  IceCv (visited)         Volcano (visited)         Gauntlet (visited)

Altars:
Ashenzari
Dithmenos
Elyvilon
Fedhas
Gozag
Kikubaaqudgha
Makhleb
Okawaru
Trog
Uskayaw
Vehumet
Wu Jian
Yredelemnul
Jiyva

Shops:
D:4 :   D:5 ?=(:[   D:7 [   D:8 :*(?   D:11 (   D:13 =   D:15 [[   Orc:2 *[(:
Elf:1 (   Elf:2 [   Elf:3 [   Lair:1 =[   Lair:3 [   Lair:5 [   Swamp:3 [
Snake:2 ??*[   Snake:4 *[   Vaults:1 *   Vaults:3 *[[   Zot:2 *
Depths:1 :==*=

Portals:
Hell: Depths:1 Depths:2 Depths:3 Depths:4
Abyss: Depths:3
Pandemonium: Depths:1 Depths:2

Annotations:
D:9 1 runed translucent door
D:11 3 runed translucent doors, Farlane's ghost, journeyman HOMo
D:13 2 transporters, Mebb's ghost, journeyman SpEn
Lair:2 exclusion: ice statue
Snake:1 Roxanne
Elf:1 1 transporter, Killmatronix's ghost, adept MiVM
Elf:3 1 runed translucent door, manyhoops's ghost, adept DgEE
Zot:3 6 transporters


Innate Abilities, Weirdness & Mutations

Your serpentine skin is tough. (AC +9)
You have supernaturally acute eyesight. (SInv)
Armour fits poorly on your strangely shaped body.
Your system is resistant to poisons. (rPois)
You cover ground very slowly.
You can exhale a cloud of poison.
You can use your snake-like lower body to constrict enemies.
You sometimes lose your temper in combat.
Your magical capacity is low. (-10% MP)
You are robust. (+10% HP)
Your muscles are strong. (Str +4, Int/Dex -1)


Message History

Your Orb Guardian is drained!
The Orb Guardian stares, then turns away, jangling a coin purse.
An Orb Guardian comes into view.
The Orb Guardian moves out of view.
The sun demon stares, then turns away, jangling a coin purse. 2 sun demons come into view.
A sun demon is nearby!
The sun demon hits something but does no damage.
Something hits the sun demon!!
The sun demon is engulfed in flames.
The sun demon completely resists.
Aiming: Dig
Press: ? - help, Shift-Dir - straight line A rock wall.
This square is covered in magical glow.
The rock shatters into small pieces.
Something hits the sun demon!
The sun demon is engulfed in flames.
The sun demon completely resists.
The sun demon barely misses something.
The sun demon barely misses you. The sun demon attacks as you move away!
The sun demon barely misses you.
A red film seems to cover your vision as you go berserk!
You feel yourself moving faster!
You feel mighty!
You cut the sun demon into ribbons!!! You grab the sun demon.
The sun demon is severely wounded.
You constrict the sun demon.
You hear a shout!
The sun demon hits you but does no damage.
You slice the sun demon like a ripe choko!!!
You kill the sun demon!
You feel a strong urge to attack something.
You feel your anger nearly subside.
You are no longer berserk.
You are exhausted.
You feel yourself slow down.
A balrug comes into view.
It is wielding a +1 antimagic demon whip.
Your balrug grins greedily, jangling a coin purse.
There is an open door here.
There is an open door here.
There is a staircase leading out of the dungeon here.
You have escaped!

#...............#
#........(......#
########...............#
##......................#
##.)#######...#.###.....## ###
##..## ##..#'# ####.## #.. ...##
####.####.### ##.. ..####
##...##.#'# #... #....###
#..@..'##(## #.#. ...#...####
##.2.###...## ##... ...###....##
##'###.....####...#
...######..### #.'.2......#....##
.............###'###.....##...###
...#######.####.(.###....##......
...# #...#.....'##.##$.......
#### #...##.(.##.#'###....... #
####..####.####.###........


You could see a friendly balrug.

Vanquished Creatures
  4 dread liches
  2 orbs of fire (Zot:4)
  3 ancient liches
  Mara (Depths:1)
  Sojobo (Depths:1)
  A royal mummy (Zig:6)
  the Lernaean hydra (Swamp:4)
  7 Killer Klowns
  Vashnia (Snake:4)
  5 caustic shrikes (Depths:4)
  Saint Roka (Vaults:2)
  5 curse toes
  8 golden dragons
  A Tzitzimitl (Zot:4)
  2 bone dragons
  2 doom hounds (Zot:4)
  18 tentacled monstrosities
  4 electric golems
  A hellephant (Zot:2)
  23 Orb Guardians
  6 titans
  Grunn (Zot:4)
  A walking crystal tome (Depths:4)
  An acid blob (Zig:4)
  A lich (Zig:2)
  5 deep elf blademasters
  Asterion (Vaults:2)
  2 deep elf master archers (Elf:3)
  9 quicksilver dragons
  9 death cobs
  5 sphinxes
  3 thorn hunters
  Donald (Orc:2)
  10 storm dragons
  12 tengu reavers
  9 nagarajas
  2 fenstrider witches
  An azure jelly (Zig:4)
  7 shadow dragons
  6 draconian knights
  6 draconian monks
  12 frost giants
  3 fire giants
  2 ghost moths
  An iron dragon (Vaults:5)
  3 draconian scorchers (Zot:1)
  A ghost moth (shapeshifter) (Vaults:2)
  An orc warlord (Orc:2)
  5 deep elf sorcerers
  4 draconian shifters
  Aizul (Vaults:2)
  20 vault wardens
  3 draconian annihilators
  27 ironbound preservers
  6 war gargoyles
  2 deep elf elementalists (Elf:3)
  A reaper (Zot:4)
  2 spriggan defenders
  3 draconian stormcallers
  24 very ugly things
  18 stone giants
  4 vampire knights
  An eleionoma (Swamp:1)
  8 ironbound thunderhulks
  10 green draconians
  7 deep elf demonologists
  Nessos (D:15)
  5 deep elf annihilators
  A putrid mouth (Zot:4)
  10 spark wasps
  17 red draconians
  5 white draconians
  7 black draconians
  6 yellow draconians
  11 purple draconians
  11 dire elephants
  A minotaur (Gauntlet)
  2 eidola (Vaults:4)
  5 bunyips
  2 mummy priests (Zig:6)
  A crystal guardian (Vaults:3)
  7 deep elf death magi
  3 green deaths
  7 fire dragons
  10 ettins
  9 deep elf high priests
  8 great orbs of eyes
  14 yaktaur captains
  2 peacekeepers
  A salamander tyrant (Snake:3)
  27 hydras
  37 vault guards
  A rakshasa (Depths:2)
  2 ghost crabs (Swamp:1)
  15 ice dragons
  18 ironbound frosthearts
  An ogre mage (D:15)
  4 spriggan air magi
  11 centaur warriors
  A juggernaut simulacrum (Zig:3)
  A boulder beetle (shapeshifter) (Zig:5)
  14 anacondas
  2 anacondas (shapeshifter)
  37 dancing weapons
  8 tengu warriors
  10 two-headed ogres
  4 boulder beetles
  12 naga warriors
  9 alligators
  5 death yaks
  2 deep troll shamans
  4 deep troll earth magi
  7 spriggan berserkers
  3 orc high priests (Orc:2)
  A sun demon (D:1)
  Sonja (Lair:5)
  16 naga sharpshooters
  25 deep elf knights
  A skyshark (shapeshifter) (Vaults:4)
  8 shock serpents
  A fire crab (Volcano)
  6 hell knights
  2 salamander mystics
  9 iron trolls
  4 skysharks
  6 goliath frogs
  A shadow wraith (Vaults:4)
  67 deep trolls
  6 sea snakes (Snake:4)
  5 spriggan druids
  A glowing orange brain (Depths:1)
  An orange crystal statue (IceCv)
  2 bog bodies
  9 naga ritualists
  16 wizards
  15 swamp dragons
  8 lindwurms
  3 phantasmal warriors
  15 deep elf archers
  An obsidian statue (Zot:5)
  3 necromancers
  A lindwurm (shapeshifter) (Depths:3)
  6 harpies
  24 deep elf pyromancers
  16 ironbound convokers
  4 orc knights
  6 mana vipers
  9 orc sorcerers
  28 deep elf zephyrmancers
  3 oklob plants (Lair:3)
  2 manticores
  10 salamanders
  A shining eye (Zig:4)
  7 will-o-the-wisps
  A faun (shapeshifter) (Elf:2)
  40 ugly things
  21 moths of wrath
  2 cyclopes
  2 elephants (shapeshifter) (Vaults:4)
  24 elephants
  53 black mambas
  24 vault sentinels
  15 naga magi
  A moth of wrath (shapeshifter) (Vaults:5)
  18 cane toads
  A molten gargoyle (Volcano)
  3 gargoyles
  6 guardian serpents
  A hellion (Zig:1)
  2 rime drakes (shapeshifter)
  4 unseen horrors
  2 kobold demonologists (D:11)
  A torpor snail (Lair:3)
  27 yaktaurs
  2 freezing wraiths
  A komodo dragon (shapeshifter) (Depths:3)
  12 rime drakes
  4 tengu conjurers
  3 ice devils (Lair:2)
  9 trolls
  12 komodo dragons
  15 polar bears
  A meliai (shapeshifter) (Zig:5)
  A tarantella (shapeshifter) (Elf:2)
  3 bloated husks
  16 hornets
  29 blink frogs
  9 tyrant leeches
  A spriggan zombie (Zig:3)
  8 dream sheep
  62 slime creatures
  A jumping spider (shapeshifter) (Depths:3)
  2 air elementals
  9 large abominations
  3 wraiths
  3 water elementals
  A vampire (D:12)
  16 spriggans
  2 wyverns
  4 fire bats (Volcano)
  47 yaks
  2 fire elementals
  3 basilisks
  3 golden eyes (D:13)
  25 humans
  A neqoxec (Zot:4)
  An ushabti (Zig:3)
  A redback (Zig:5)
  22 vampire mosquitoes
  A warg (shapeshifter) (Vaults:5)
  18 swamp worms
  4 wargs
  38 nagas
  2 acid dragons (D:12)
  Duvessa (D:7)
  5 hell hounds
  10 water moccasins
  6 ice beasts
  36 orc warriors
  8 swamp drakes (Swamp:4)
  13 small abominations
  6 black bears (Lair:1)
  5 boggarts
  5 ogres
  16 centaurs
  25 wolves
  3 kobold brigands
  2 phantoms
  13 bullfrogs
  4 earth elementals
  5 gnoll sergeants
  3 scorpions
  2 two-headed ogre simulacra (Lair:2)
  Dowan (D:7)
  8 killer bees (D:9)
  6 wights (D:7)
  An elephant simulacrum (Lair:2)
  5 howler monkeys
  5 electric eels
  A hound (D:5)
  7 lava snakes (Volcano)
  3 jellies
  14 orc priests
  3 iguanas
  A sleepcap (D:6)
  27 orc wizards
  Natasha (thrice) (D:2)
  10 hell rats
  2 troll simulacra (Lair:2)
  2 mummies
  Robin (D:2)
  6 adders
  26 gnolls
  2 white imps (D:7)
  2 ufetubi
  A worm (D:9)
  2 dart slugs
  58 orcs
  7 ball pythons
  13 endoplasms
  3 giant cockroaches
  16 goblins
  7 hobgoblins
  2 jackals (D:1)
  2 quokkas
  8 bats
  5 frilled lizards
  17 kobolds
  2 rats (D:1)
  3 briar patches
2184 creatures vanquished.

Vanquished Creatures (collateral kills)
  An ancient lich (Zot:5)
  A curse toe (Zot:5)
  A lich (Depths:2)
  A storm dragon (Zot:4)
  A hydra (Snake:3)
  A tengu conjurer (Depths:1)
  A hornet (Depths:2)
  A spriggan (Depths:2)
8 creatures vanquished.

Vanquished Creatures (others)
  An ancient lich (Zot:5)
  4 Orb Guardians
  A draconian stormcaller (Zot:4)
  A deep elf knight (Elf:2)
  A sun demon (D:1)
  A manticore (D:11)
  A will-o-the-wisp (Swamp:1)
  A smoke demon (D:14)
  A rime drake (IceCv)
  2 bloated husks
  A hornet (Swamp:1)
  2 swamp worms
  An ogre (Vaults:5)
  An orc (Vaults:5)
  A bush (Lair:2)
  4 demonic plants (Gauntlet)
  14 foxfires
  64 fungi
  94 plants
  2 withered plants (Elf:3)
198 creatures vanquished.

Grand Total: 2390 creatures vanquished

Notes
Turn   | Place    | Note
-------+----------+-------------------------------------------
     0 | D:1      | emiel the Naga Fighter began the quest for the Orb.
     0 | D:1      | Reached XP level 1. HP: 21/21 MP: 1/1
    65 | D:1      | Reached XP level 2. HP: 28/28 MP: 2/2
   367 | D:1      | Reached XP level 3. HP: 23/34 MP: 3/3
  1115 | D:2      | Noticed Natasha
  1144 | D:2      | Killed Natasha
  1145 | D:2      | Reached XP level 4. HP: 19/42 MP: 4/4
  1283 | D:2      | Noticed Robin
  1292 | D:2      | Killed Robin
  1470 | D:2      | Noticed Natasha
  1547 | D:2      | Killed Natasha
  1548 | D:2      | Reached skill level 5 in Polearms
  1548 | D:2      | Reached XP level 5. HP: 26/49 MP: 5/5
  1966 | D:2      | Found a faded altar of an unknown god.
  2175 | D:2      | Noticed Natasha
  2294 | D:2      | Killed Natasha
  2889 | D:2      | Found a faded altar of an unknown god.
  3743 | D:4      | Found Vehorgh's Book Emporium.
  3934 | D:4      | You fall into a shaft and drop 1 floor!
  3934 | D:5      | Entered Level 5 of the Dungeon
  3965 | D:5      | Noticed a phantom
  3993 | D:5      | Killed a phantom
  3994 | D:5      | Reached XP level 6. HP: 43/56 MP: 6/6
  4114 | D:5      | Found Ollumaoc's Armour Shop.
  4285 | D:4      | Gained mutation: You are robust. (+10% HP) [potion of
                  | mutation]
  4285 | D:4      | Gained mutation: You passively map a small area around you.
                  | [potion of mutation]
  4285 | D:4      | Gained mutation: You expend magic power (3 MP) to
                  | strengthen your wands. [potion of mutation]
  4736 | D:5      | Noticed an ice beast
  4740 | D:5      | Found Qoll's Book Boutique.
  4755 | D:5      | Found an opulent altar of Gozag.
  4762 | D:5      | Became a worshipper of Gozag Ym Sagoz the Greedy
  4835 | D:5      | Noticed a water moccasin
  4838 | D:5      | Killed a water moccasin
  4931 | D:5      | Reached XP level 7. HP: 68/68 MP: 7/7
  5109 | D:5      | Found Riamiatz's Weapon Shop.
  5148 | D:5      | Found Miticof's Jewellery Boutique.
  5181 | D:5      | Found Zipiefi's Magic Scroll Shop.
  5186 | D:5      | Bought a scroll of enchant armour for 105 gold pieces
  5875 | D:6      | Reached XP level 8. HP: 71/75 MP: 8/8
  6386 | D:6      | Reached skill level 10 in Polearms
  6732 | D:5      | Bought a +4 ring of protection for 360 gold pieces
  6941 | D:7      | Found a staircase to the Ecumenical Temple.
  6949 | D:7      | Found Tiahef's Antique Armour Shop.
  7005 | D:7      | Noticed Duvessa
  7115 | D:7      | Noticed Dowan
  7265 | D:7      | Killed Dowan
  7273 | D:7      | Killed Duvessa
  7274 | D:7      | Reached XP level 9. HP: 88/88 MP: 9/9
  7365 | D:7      | Reached skill level 5 in Fighting
  7365 | D:7      | Reached skill level 1 in Evocations
  8143 | D:8      | Reached skill level 5 in Armour
  8205 | D:7      | Bought a pair of glowing gloves for 210 gold pieces
  8445 | D:8      | Found a broken altar of Ashenzari.
  8449 | D:8      | Found a radiant altar of Vehumet.
  8474 | D:8      | Noticed a hornet
  8487 | D:8      | Killed a hornet
  8642 | D:8      | Found Pofiaq's Assorted Antiques.
  8702 | D:8      | Found Urreclerap's Magic Scroll Shoppe.
  8718 | D:8      | Found Geim's Antique Weapon Shop.
  8728 | D:8      | Bought a scroll labelled MAETEAS LUFI for 20 gold pieces
  8813 | D:8      | Found a burning altar of Makhleb.
  8816 | D:8      | Found a hide-covered altar of Uskayaw.
  8819 | D:8      | Found a blossoming altar of Fedhas.
  8821 | D:8      | Found a white marble altar of Elyvilon.
  8822 | D:8      | Found a basalt altar of Yredelemnul.
  8824 | D:8      | Found an ornate altar of the Wu Jian Council.
  8829 | D:8      | Found an iron altar of Okawaru.
  8830 | D:8      | Found a bloodstained altar of Trog.
  8924 | D:8      | Found Lubrant's Tiny Tomes.
  9099 | D:9      | Found a runed translucent door.
  9106 | D:9      | Reached XP level 10. HP: 103/103 MP: 10/10
  9106 | D:9      | Noticed a manticore
 10166 | D:9      | Identified the +6 rapier of the Distant Future {speed,
                  | rPois rC++}
 10412 | D:9      | Noticed a white ugly thing
 10414 | D:9      | Noticed a glowing orange brain
 10434 | D:10     | Entered Level 10 of the Dungeon
 10551 | D:10     | Noticed a two-headed ogre
 10560 | D:10     | Killed a two-headed ogre
 10934 | D:10     | Noticed a two-headed ogre
 11007 | D:10     | Killed a two-headed ogre
 11295 | D:10     | Reached skill level 5 in Shields
 11450 | D:8      | Bought a scroll of acquirement for 676 gold pieces
 11450 | D:8      | Acquired the +8 glaive "Dragon's Tongue" {speed, rPois
                  | Str+3 Int+4 Stlth-}
 11575 | D:10     | Noticed a two-headed ogre
 11585 | D:10     | Killed a two-headed ogre
 11586 | D:10     | Reached XP level 11. HP: 107/116 MP: 11/11
 11843 | D:11     | Found Ypri Jar's Weapon Shop.
 12386 | D:8      | Bought a glowing chain mail for 150 gold pieces
 12553 | D:11     | Found a staircase to the Lair.
 12584 | D:11     | Found a runed translucent gate.
 12585 | D:11     | Found a runed translucent gate.
 12585 | D:11     | Found an opulent altar of Gozag.
 12596 | D:11     | Found a runed translucent gate.
 13165 | D:11     | Noticed a manticore
 13165 | D:11     | Noticed Farlane's ghost (journeyman HOMo)
 13165 | D:11     | Noticed a tengu warrior
 13414 | D:11     | Killed a manticore
 13506 | D:11     | Found a staircase to the Orcish Mines.
 13664 | Orc:1    | Entered Level 1 of the Orcish Mines
 13914 | Orc:2    | Entered Level 2 of the Orcish Mines
 14060 | Orc:2    | Noticed an orc sorcerer
 14061 | Orc:2    | Noticed an orc warlord
 14063 | Orc:2    | Killed an orc sorcerer
 14064 | Orc:2    | Reached skill level 10 in Fighting
 14148 | Orc:2    | Killed an orc warlord
 14497 | Orc:2    | Reached XP level 12. HP: 127/127 MP: 9/12
 14575 | Orc:2    | Noticed an orc high priest
 14576 | Orc:2    | Noticed a soul eater
 14576 | Orc:2    | Noticed a soul eater
 14578 | Orc:2    | Killed an orc high priest
 14721 | Orc:2    | Found Piopsibrui's Antique Armour Boutique.
 14794 | Orc:2    | Bought an embroidered cloak for 202 gold pieces
 14799 | Orc:2    | Bought a pair of embroidered gloves for 202 gold pieces
 14856 | Orc:2    | Found Pued's Antique Weapon Emporium.
 14857 | Orc:2    | Noticed an orc high priest
 14881 | Orc:2    | Killed an orc high priest
 14893 | Orc:2    | Noticed a sun demon
 14916 | Orc:2    | Noticed an orc high priest
 15278 | Orc:2    | Noticed a soul eater
 15278 | Orc:2    | Noticed a sun demon
 15279 | Orc:2    | Noticed a sun demon
 15471 | Orc:2    | Killed an orc high priest
 15641 | Orc:2    | Found Alempif's Book Shoppe.
 15697 | Orc:2    | Found a staircase to the Elven Halls.
 15825 | Orc:1    | Noticed a two-headed ogre
 15833 | Orc:1    | Killed a two-headed ogre
 15990 | Orc:1    | Paralysed by an orc sorcerer for 4 turns
 16265 | D:12     | Noticed a two-headed ogre
 16292 | D:11     | Killed a two-headed ogre
 16511 | Lair:1   | Entered Level 1 of the Lair of Beasts
 16541 | Lair:1   | Gained mutation: You can use your snake-like lower body to
                  | constrict enemies. [Naga growth]
 16541 | Lair:1   | Reached XP level 13. HP: 135/135 MP: 13/13
 16543 | Lair:1   | Reached skill level 10 in Armour
 16638 | Lair:1   | Reached skill level 15 in Polearms
 16728 | Lair:1   | You fall into a shaft and drop 1 floor!
 17857 | Lair:2   | Found a staircase to the Snake Pit.
 18225 | Lair:2   | Noticed an ice dragon
 18304 | Lair:2   | Killed an ice dragon
 18721 | Lair:3   | Reached skill level 1 in Throwing
 18752 | Lair:3   | Reached skill level 1 in Dodging
 18805 | Lair:1   | Bought a +4 plate armour of fire resistance for 600 gold
                  | pieces
 18805 | Lair:1   | Bought a +1 cloak of preservation for 198 gold pieces
 18975 | Lair:3   | Reached XP level 14. HP: 145/145 MP: 14/14
 19382 | Lair:3   | Found a staircase to the Swamp.
 20193 | Lair:3   | Got Sif Muna's Disquisition on Incandescent Generation
 20273 | Lair:4   | Reached skill level 5 in Evocations
 20292 | Lair:4   | Found a dark tunnel.
 20298 | Volcano  | Entered a volcano
 20754 | Volcano  | Found a burning altar of Makhleb.
 22162 | Lair:5   | Entered Level 5 of the Lair of Beasts
 22248 | Lair:5   | Reached XP level 15. HP: 55/151 MP: 1/15
 22395 | Lair:5   | Found a gate leading to a gauntlet.
 22428 | Lair:5   | Reached skill level 5 in Throwing
 22441 | Gauntlet | Entered a Gauntlet
 22441 | Gauntlet | Found a transporter.
 22441 | Gauntlet | Found a transporter.
 22565 | Gauntlet | Found a transporter.
 22577 | Gauntlet | Found a transporter.
 22595 | Gauntlet | Found a transporter.
 22595 | Gauntlet | Found a transporter.
 22597 | Gauntlet | Found a transporter.
 22597 | Gauntlet | Found a transporter.
 22598 | Gauntlet | Found a transporter.
 22614 | Gauntlet | Found a transporter.
 22625 | Gauntlet | Found a transporter.
 22635 | Gauntlet | Found a transporter.
 22649 | Gauntlet | Found a transporter.
 22669 | Gauntlet | Found a transporter.
 22926 | Gauntlet | Identified the +12 long sword of Xiegej {heavy, rElec rC++
                  | SInv}
 23123 | Gauntlet | Identified the ring "Keupt" {Will+ Str+4 Stlth+}
 23222 | Gauntlet | Identified the staff of air "Toroiv" {+Blink rElec rN+
                  | Int+7}
 23240 | Gauntlet | Got the Collected Works on Prime Incineration
 23364 | Lair:5   | Reached skill level 5 in Dodging
 24195 | Lair:5   | Noticed Sonja
 24207 | Lair:5   | Killed Sonja
 24311 | Lair:5   | Found a staircase to the Slime Pits.
 24311 | Lair:5   | Found a viscous altar of Jiyva.
 25188 | Orc:2    | Found Nowiyruh's General Store.
 25224 | Orc:2    | Noticed Donald
 25246 | Orc:2    | Killed Donald
 25555 | D:8      | Bought 3 scrolls of enchant weapon for 292 gold pieces
 25555 | D:8      | Bought a scroll of blinking for 97 gold pieces
 25555 | D:8      | Bought a scroll of enchant armour for 97 gold pieces
 25555 | D:8      | Bought a scroll of magic mapping for 97 gold pieces
 25719 | Orc:2    | Bought a potion of heal wounds for 75 gold pieces
 25719 | Orc:2    | Bought a scroll of enchant weapon for 112 gold pieces
 25719 | Orc:2    | Bought a scroll of teleportation for 45 gold pieces
 25850 | D:8      | Bought a scroll of fog for 52 gold pieces
 27065 | D:13     | Found Kuihim's Jewellery Shop.
 27329 | D:13     | Found a transporter.
 27355 | D:13     | Noticed Mebb's ghost (journeyman SpEn)
 27357 | D:13     | Found a bloodstained altar of Trog.
 27689 | D:13     | Found a transporter.
 27697 | D:13     | Reached XP level 16. HP: 132/160 MP: 11/16
 28022 | D:14     | Found a frozen archway.
 28061 | IceCv    | Entered an ice cave
 29836 | IceCv    | Identified the ring of Wishru {Ice SInv}
 30925 | D:14     | Found a gate to the Vaults.
 31022 | D:15     | Entered Level 15 of the Dungeon
 31212 | D:15     | Found a staircase to the Depths.
 31477 | D:15     | Reached skill level 10 in Evocations
 31934 | D:15     | Reached XP level 17. HP: 168/168 MP: 13/17
 32073 | D:15     | Noticed Nessos
 32078 | D:15     | Killed Nessos
 32254 | D:15     | Found an ornate altar of the Wu Jian Council.
 32296 | D:15     | Bought a pitted scarf for 360 gold pieces
 32296 | D:15     | Identified the scarf of Xufutuf {rC+ rF+, Stlth+} (You
                  | bought it in a shop on level 15 of the Dungeon)
 32467 | Elf:1    | Entered Level 1 of the Elven Halls
 32815 | Lair:1   | Bought the ring of Yniun {Wiz rElec Dex+2} for 674 gold
                  | pieces
 32871 | Snake:1  | Entered Level 1 of the Snake Pit
 33148 | Snake:1  | Noticed Roxanne
 35034 | Snake:2  | Found Laxius's Magic Scroll Shop.
 35036 | Snake:2  | Found Wukucif's General Store.
 35036 | Snake:2  | Found Somef's Magic Scroll Shop.
 35039 | Snake:2  | Found Rexuge Usah's Antique Armour Boutique.
 35053 | Snake:2  | Bought a glimmering chain mail for 275 gold pieces
 35053 | Snake:2  | Identified the +1 chain mail of Duck's Teeth {Int+4} (You
                  | bought it in a shop on level 2 of the Snake Pit)
 35662 | Snake:2  | Reached skill level 10 in Throwing
 36628 | Snake:3  | Acquired 427 gold pieces
 37382 | Snake:3  | Reached skill level 10 in Dodging
 37415 | Snake:3  | Reached XP level 18. HP: 140/176 MP: 0/18
 38868 | Swamp:1  | Entered Level 1 of the Swamp
 40608 | Swamp:2  | You fall into a shaft and drop 1 floor!
 40921 | Swamp:2  | Got the Almanac of the Luminous Congregation
 41550 | Swamp:3  | Identified the ring "Zobecvirel" {rElec rC- Dex+9 SInv}
 42653 | Swamp:3  | Bought a smoking helmet for 199 gold pieces
 42653 | Swamp:3  | Identified the -1 helmet of Rotation {Int+3} (You bought it
                  | in a shop on level 3 of the Swamp)
 42653 | Swamp:3  | Bought a shiny helmet for 157 gold pieces
 42653 | Swamp:3  | Bought a crude chain mail for 199 gold pieces
 42653 | Swamp:3  | Identified the +7 chain mail "Qunofef" {rC++ Int-3 SInv
                  | Stlth+} (You bought it in a shop on level 3 of the Swamp)
 42708 | Swamp:4  | Entered Level 4 of the Swamp
 44660 | Swamp:4  | Noticed the 27-headed Lernaean hydra
 44672 | Swamp:4  | Killed the 27-headed Lernaean hydra
 44673 | Swamp:4  | Reached XP level 19. HP: 141/189 MP: 13/19
 45100 | Swamp:4  | Got a decaying rune of Zot
 45332 | Snake:4  | Entered Level 4 of the Snake Pit
 45455 | Snake:4  | Noticed Vashnia
 45505 | Snake:4  | Killed Vashnia
 46091 | Snake:4  | Found Ycvydd's General Store.
 47550 | Snake:4  | Got a serpentine rune of Zot
 48389 | Elf:1    | Paralysed by an air elemental for 1 turns
 48575 | Elf:1    | Reached XP level 20. HP: 160/201 MP: 1/20
 48711 | Elf:1    | Found a transporter.
 48720 | Elf:1    | Found a transporter.
 48724 | Elf:1    | Noticed Killmatronix's ghost (adept MiVM)
 48793 | Elf:1    | Learned a level 1 spell: Apportation
 49196 | Elf:1    | Found Yfuf's Weapon Shop.
 49307 | Elf:1    | Reached skill level 1 in Translocations
 49314 | Elf:1    | Reached skill level 1 in Spellcasting
 49861 | Elf:1    | Identified the +0 helmet of the Kettle-Drum {Str+2 Int-5
                  | Slay+6}
 49861 | Elf:1    | a titan changed into a golden dragon
 49861 | Elf:1    | Noticed a golden dragon (glowing shapeshifter)
 50602 | Elf:2    | Found Cooxoita's Armour Shoppe.
 50755 | Elf:2    | Found a huge runed translucent gate.
 50755 | Elf:2    | Found a huge runed translucent gate.
 50766 | Elf:2    | Found a huge runed translucent gate.
 51061 | Elf:2    | Found a huge runed translucent gate.
 51061 | Elf:2    | Found a huge runed translucent gate.
 51792 | Elf:3    | Entered Level 3 of the Elven Halls
 51794 | Elf:3    | Found Hunauc's Armour Shoppe.
 51848 | Elf:3    | Paralysed by an air elemental for 1 turns
 51850 | Elf:3    | Paralysed by an air elemental for 1 turns
 52476 | Elf:3    | Gained mutation: You are dopey. (Int -2) [a neqoxec]
 52523 | Elf:3    | Identified the ring of Undoing {rElec rF- rCorr EV+5 Int-2}
 52804 | Elf:3    | Reached XP level 21. HP: 201/213 MP: 22/25
 52882 | Elf:3    | Found a runed translucent door.
 52883 | Elf:3    | Noticed manyhoops's ghost (adept DgEE)
 53162 | Elf:3    | Reached skill level 15 in Evocations
 53295 | Elf:3    | Identified the +3 scale mail of Nihilism {SInv}
 53480 | Elf:3    | Identified the +10 long sword "Noan" {drain, Will+}
 53480 | Elf:3    | Identified the +6 shortbow "Loafysiq" {elec, Int+2}
 53883 | Elf:3    | Identified the +1 scale mail "Gaqaixac" {Drain rElec rF-
                  | rCorr}
 53933 | Elf:3    | Identified the +1 short sword of Qazlal {chaos, +Blink
                  | Will- Str+7 Dex+2}
 53943 | Elf:3    | Identified the +8 rapier of Mom Qaurgh {vamp, rPois rN+
                  | Dex+3}
 53945 | Elf:3    | Got the Vellum of the Massed Syncline
 54327 | Snake:2  | Bought a scroll of teleportation for 42 gold pieces
 54327 | Snake:2  | Bought a scroll of enchant armour for 105 gold pieces
 54327 | Snake:2  | Bought a scroll of teleportation for 42 gold pieces
 54327 | Snake:2  | Bought a scroll of fog for 56 gold pieces
 54387 | Snake:4  | Bought a scroll of immolation for 52 gold pieces
 54622 | Vaults:1 | Entered Level 1 of the Vaults
 54792 | Vaults:1 | Reached skill level 5 in Translocations
 55049 | Vaults:1 | Identified the ring "Qumpuf Ihym" {rF+ rCorr Int+6}
 55056 | Vaults:1 | Identified the ring "Noliwnar" {rF- rCorr Int+4} (You found
                  | it on level 1 of the Vaults)
 57215 | Snake:2  | Bought 2 potions of might for 88 gold pieces
 57268 | Snake:4  | Bought a potion of resistance for 130 gold pieces
 57268 | Snake:4  | Bought a scroll of teleportation for 39 gold pieces
 57506 | Vaults:1 | Bought a scorched executioner's axe for 615 gold pieces
 57506 | Vaults:1 | Identified the +10 executioner's axe of Bicvemm {elec, rF++
                  | Stlth+} (You bought it in a shop on level 1 of the Vaults)
 57567 | Vaults:2 | Reached skill level 1 in Axes
 57668 | Vaults:2 | Found a staircase to the Crypt.
 57668 | Vaults:2 | Found an ancient bone altar of Kikubaaqudgha.
 57753 | Vaults:2 | Found a basalt altar of Yredelemnul.
 57899 | Vaults:2 | Noticed Asterion
 57905 | Vaults:2 | Killed Asterion
 57950 | Vaults:2 | Noticed Saint Roka
 57961 | Vaults:2 | Killed Saint Roka
 57962 | Vaults:2 | Reached skill level 5 in Axes
 58493 | Vaults:2 | Noticed Aizul
 58501 | Vaults:2 | Killed Aizul
 58602 | Vaults:2 | Reached XP level 22. HP: 225/225 MP: 20/26
 61114 | Vaults:3 | Found Ixeppipn's Antique Armour Shop.
 61126 | Vaults:3 | Found Pivyhid's Assorted Antiques.
 61132 | Vaults:3 | Bought a potion of haste for 330 gold pieces
 61132 | Vaults:3 | Bought a potion of heal wounds for 165 gold pieces
 61132 | Vaults:3 | Bought a scroll of teleportation for 99 gold pieces
 61975 | Vaults:3 | Found Sobos's Antique Armour Emporium.
 63090 | Vaults:4 | Reached XP level 23. HP: 237/237 MP: 21/27
 63514 | Vaults:4 | Identified the ring of Mutualism {rC+ Will+ rCorr Dex+3}
 63569 | Vaults:4 | Reached skill level 15 in Fighting
 65631 | Depths:1 | Entered Level 1 of the Depths
 65737 | Depths:1 | Found Idomp's Gadget Gallery.
 65750 | Depths:1 | Bought a +4 ring of slaying for 936 gold pieces
 66363 | Depths:1 | Found Cerhobac's Jewellery Emporium.
 66364 | Depths:1 | Found Teocutuf's Book Shop.
 66365 | Depths:1 | Found Qoerie's Jewellery Emporium.
 66416 | Depths:1 | Reached skill level 15 in Throwing
 66567 | Depths:1 | Bought the amulet "Tobretuf" {Reflect rPois Dex+4 SH+5} for
                  | 644 gold pieces
 66729 | Depths:1 | Found a one-way gate leading to the halls of Pandemonium.
 66742 | Depths:1 | Noticed Sojobo
 66743 | Depths:1 | Paralysed by an air elemental for 1 turns
 66748 | Depths:1 | Paralysed by an air elemental for 1 turns
 66763 | Depths:1 | Killed Sojobo
 67351 | Depths:1 | Found a gateway to Hell.
 68132 | Depths:2 | Noticed Mara
 68147 | Depths:1 | Killed Mara
 68551 | Depths:2 | Identified the +9 short sword of True Grit {flame, rN+++
                  | MP+9 Str-2 Int+5}
 69135 | Depths:2 | Identified the ring of Mutualism {rElec rPois rN+ rCorr
                  | Str+3}
 69304 | Depths:2 | Found a one-way gateway to a ziggurat.
 69328 | Zig:1    | Entered Level 1 of a ziggurat
 69377 | Zig:2    | Entered Level 2 of a ziggurat
 69435 | Zig:2    | Identified the +2 hand axe of Tuarah {freeze, SInv}
 69441 | Zig:3    | Entered Level 3 of a ziggurat
 69537 | Zig:4    | Entered Level 4 of a ziggurat
 69540 | Zig:4    | Gained mutation: Your natural rate of healing is unusually
                  | fast. [a shining eye]
 69542 | Zig:4    | Gained mutation: Your magical capacity is low. (-10% MP) [a
                  | shining eye]
 69547 | Zig:4    | Lost mutation: You are robust. (+10% HP) [a shining eye]
 69558 | Zig:4    | Gained mutation: You are very dopey. (Int -4) [a shining
                  | eye]
 69642 | Zig:4    | Lost mutation: You are very dopey. (Int -4) [potion of
                  | mutation]
 69642 | Zig:4    | Lost mutation: You passively map a small area around you.
                  | [potion of mutation]
 69642 | Zig:4    | Lost mutation: Your natural rate of healing is unusually
                  | fast. [potion of mutation]
 69642 | Zig:4    | Gained mutation: You are vulnerable to cold. (rC-) [potion
                  | of mutation]
 69642 | Zig:4    | Gained mutation: You have a pair of small horns on your
                  | head. [potion of mutation]
 69643 | Zig:4    | Lost mutation: You expend magic power (3 MP) to strengthen
                  | your wands. [potion of mutation]
 69643 | Zig:4    | Lost mutation: You have a pair of small horns on your head.
                  | [potion of mutation]
 69643 | Zig:4    | Gained mutation: Your muscles are strong. (Str +4, Int/Dex
                  | -1) [potion of mutation]
 69643 | Zig:4    | Gained mutation: You are partially covered in iridescent
                  | scales. (AC +2) [potion of mutation]
 69644 | Zig:4    | Lost mutation: You are vulnerable to cold. (rC-) [potion of
                  | mutation]
 69644 | Zig:4    | Lost mutation: Your muscles are strong. (Str +4, Int/Dex
                  | -1) [potion of mutation]
 69644 | Zig:4    | Lost mutation: You are partially covered in iridescent
                  | scales. (AC +2) [potion of mutation]
 69644 | Zig:4    | Gained mutation: Your magical capacity is very low. (-20%
                  | MP) [potion of mutation]
 69644 | Zig:4    | Gained mutation: You are very dopey. (Int -4) [potion of
                  | mutation]
 69644 | Zig:4    | Gained mutation: You have a pair of small antennae on your
                  | head. [potion of mutation]
 69645 | Zig:4    | Lost mutation: You are very dopey. (Int -4) [potion of
                  | mutation]
 69645 | Zig:4    | Lost mutation: You are dopey. (Int -2) [potion of mutation]
 69645 | Zig:4    | Lost mutation: Your magical capacity is very low. (-20% MP)
                  | [potion of mutation]
 69645 | Zig:4    | Gained mutation: You occasionally lose the ability to drink
                  | potions when taking damage. [potion of mutation]
 69645 | Zig:4    | Gained mutation: You are somewhat resistant to further
                  | mutation. [potion of mutation]
 69646 | Zig:4    | Lost mutation: You occasionally lose the ability to drink
                  | potions when taking damage. [potion of mutation]
 69646 | Zig:4    | Lost mutation: Your magical capacity is low. (-10% MP)
                  | [potion of mutation]
 69646 | Zig:4    | Lost mutation: You have a pair of small antennae on your
                  | head. [potion of mutation]
 69646 | Zig:4    | Gained mutation: Your body sometimes deteriorates upon
                  | taking damage. [potion of mutation]
 69646 | Zig:4    | Gained mutation: You are frail. (-10% HP) [potion of
                  | mutation]
 69647 | Zig:4    | Lost mutation: You are frail. (-10% HP) [potion of
                  | mutation]
 69647 | Zig:4    | Lost mutation: You are somewhat resistant to further
                  | mutation. [potion of mutation]
 69647 | Zig:4    | Lost mutation: Your body sometimes deteriorates upon taking
                  | damage. [potion of mutation]
 69647 | Zig:4    | Gained mutation: You expend magic power (3 MP) to
                  | strengthen your wands. [potion of mutation]
 69647 | Zig:4    | Gained mutation: You are clumsy. (Dex -2) [potion of
                  | mutation]
 69647 | Zig:4    | Lost mutation: You are clumsy. (Dex -2) [potion of
                  | mutation]
 69687 | Zig:5    | Entered Level 5 of a ziggurat
 69691 | Zig:5    | Noticed a dread lich
 69699 | Zig:5    | Killed a dread lich
 69752 | Zig:5    | Identified the +3 scale mail of Rotation {rF- rN++ Dex+5}
 69764 | Zig:6    | Entered Level 6 of a ziggurat
 69771 | Zig:6    | Noticed a royal mummy
 69775 | Zig:6    | Noticed a royal mummy
 69780 | Zig:6    | Killed a royal mummy
 69791 | Depths:2 | Reached XP level 24. HP: 91/226 MP: 26/27
 70064 | Depths:2 | Found an opulent altar of Gozag.
 70155 | Depths:2 | Identified the +4 morningstar of Dominance {speed, rN+
                  | Will+ Dex+3}
 70935 | Depths:3 | Identified the +1 cloak of Quiet Fog {Fly Regen+ rCorr
                  | Str+2}
 71029 | Depths:3 | Found an opulent altar of Gozag.
 71775 | Depths:4 | Entered Level 4 of the Depths
 72052 | Depths:4 | Noticed a caustic shrike
 72053 | Depths:4 | Noticed a caustic shrike
 72067 | Depths:4 | Noticed a caustic shrike
 72067 | Depths:4 | Killed a caustic shrike
 72074 | Depths:4 | Killed a caustic shrike
 72080 | Depths:4 | Killed a caustic shrike
 72081 | Depths:4 | Noticed a caustic shrike
 72081 | Depths:4 | Noticed a caustic shrike
 72092 | Depths:4 | Killed a caustic shrike
 72096 | Depths:4 | Killed a caustic shrike
 72264 | Depths:4 | Found a shadowy altar of Dithmenos.
 72474 | Depths:3 | Found a one-way gate to the infinite horrors of the Abyss.
 72779 | Depths:4 | Found a gate to the Realm of Zot.
 73171 | Depths:4 | Found a white marble altar of Elyvilon.
 74100 | Vaults:5 | Entered Level 5 of the Vaults
 74349 | Vaults:5 | Identified the +6 halberd of Saollem {heavy, Dex+4}
 74622 | Vaults:4 | Reached skill level 15 in Dodging
 74959 | Vaults:5 | Paralysed by a sphinx for 2 turns
 74975 | Vaults:4 | Reached skill level 15 in Armour
 75181 | Vaults:4 | Reached XP level 25. HP: 134/238 MP: 25/27
 75885 | Vaults:5 | Noticed an ancient lich
 76221 | Vaults:4 | Killed an ancient lich
 77529 | Vaults:5 | Identified the +0 quarterstaff of the Orb {freeze, Drain
                  | rN+ rCorr Dex+3}
 77553 | Vaults:5 | Identified the +7 hand axe "Nuocadd" {distort, Int+6}
 77614 | Vaults:5 | Identified the ring of Xiarar {Str+6 Dex+3}
 77633 | Vaults:5 | Got the Elucidation of the Unstable Iceberg
 77647 | Vaults:5 | Identified the +1 quarterstaff of Boozeill {freeze, Will+
                  | Int+4 Stlth+}
 77652 | Vaults:5 | Identified the +4 dagger "Aubergine" {heavy, Str+4 Dex+3}
 77659 | Vaults:5 | Identified the staff of death "Cuable" {rPois rC+ rN+ Will-
                  | Str+2}
 77671 | Vaults:5 | Got the Spellbook of Toxicity and the Pyre
 78450 | Vaults:5 | Identified the staff of poison "Xikuud" {rElec rPois Str+6}
 78463 | Vaults:5 | Got the Elucidation of the Dragon and Graupel
 78759 | Vaults:5 | Acquired 985 gold pieces
 79160 | Vaults:5 | Got a silver rune of Zot
 79534 | Zot:1    | Entered Level 1 of the Realm of Zot
 81567 | Zot:2    | Reached XP level 26. HP: 223/250 MP: 11/27
 81686 | Zot:2    | Found Zowang's CLEARANCE SALE!.
 81712 | Zot:2    | Bought a potion of might for 12 gold pieces
 81799 | Zot:2    | You fall into a shaft and drop 1 floor!
 82760 | Zot:2    | Noticed a Killer Klown
 82761 | Zot:2    | Noticed a Killer Klown
 82767 | Zot:2    | Killed a Killer Klown
 82772 | Zot:2    | Killed a Killer Klown
 82827 | Zot:2    | Noticed a Killer Klown
 83045 | Zot:2    | Killed a Killer Klown
 83054 | Zot:2    | Noticed a Killer Klown
 83059 | Zot:2    | Killed a Killer Klown
 83758 | Zot:3    | Found a transporter.
 83764 | Zot:3    | Found a transporter.
 84146 | Zot:3    | Found a transporter.
 84151 | Zot:3    | Found a transporter.
 84172 | Zot:3    | Found a transporter.
 84174 | Zot:3    | Found a transporter.
 86542 | Zot:4    | Noticed Grunn
 86552 | Zot:4    | Killed Grunn
 87255 | Zot:5    | Entered Level 5 of the Realm of Zot
 87457 | Zot:5    | Identified the +14 plate armour of Xacegiti {rPois Int+2}
 87746 | Zot:5    | Reached XP level 27. HP: 256/258 MP: 22/27
 88269 | Zot:5    | Noticed an ancient lich
 88269 | Zot:5    | Noticed an orb of fire
 88713 | Zot:5    | Noticed an orb of fire
 88714 | Zot:5    | Noticed a dread lich
 88715 | Zot:5    | Gained mutation: You occasionally lose the ability to read
                  | scrolls when taking damage. [an orb of fire]
 88717 | Zot:5    | Gained mutation: You occasionally lose the ability to drink
                  | potions when taking damage. [an orb of fire]
 88725 | Zot:4    | Killed an orb of fire
 88731 | Zot:4    | Gained mutation: Your magical capacity is low. (-10% MP)
                  | [an orb of fire]
 88732 | Zot:4    | Gained mutation: Your body sometimes deteriorates upon
                  | taking damage. [an orb of fire]
 88733 | Zot:4    | Killed an orb of fire
 88738 | Zot:4    | Lost mutation: Your body sometimes deteriorates upon taking
                  | damage. [potion of mutation]
 88738 | Zot:4    | Lost mutation: Your magical capacity is low. (-10% MP)
                  | [potion of mutation]
 88738 | Zot:4    | Lost mutation: You occasionally lose the ability to drink
                  | potions when taking damage. [potion of mutation]
 88738 | Zot:4    | Gained mutation: You sometimes lose your temper in combat.
                  | [potion of mutation]
 88738 | Zot:4    | Gained mutation: You are frail. (-10% HP) [potion of
                  | mutation]
 88738 | Zot:4    | Gained mutation: You are partially covered in iridescent
                  | scales. (AC +2) [potion of mutation]
 88738 | Zot:4    | Gained mutation: You have a pair of small horns on your
                  | head. [potion of mutation]
 88767 | Zot:4    | Lost mutation: You are frail. (-10% HP) [potion of
                  | mutation]
 88767 | Zot:4    | Lost mutation: You occasionally lose the ability to read
                  | scrolls when taking damage. [potion of mutation]
 88767 | Zot:4    | Lost mutation: You expend magic power (3 MP) to strengthen
                  | your wands. [potion of mutation]
 88767 | Zot:4    | Gained mutation: Your tail ends in a venomous barb. [potion
                  | of mutation]
 88767 | Zot:4    | Gained mutation: Your flesh is heat resistant. (rF+)
                  | [potion of mutation]
 88768 | Zot:4    | Lost mutation: You sometimes lose your temper in combat.
                  | [potion of mutation]
 88768 | Zot:4    | Lost mutation: Your flesh is heat resistant. (rF+) [potion
                  | of mutation]
 88769 | Zot:4    | Lost mutation: You have a pair of small horns on your head.
                  | [potion of mutation]
 88769 | Zot:4    | Lost mutation: Your tail ends in a venomous barb. [potion
                  | of mutation]
 88769 | Zot:4    | Lost mutation: You are partially covered in iridescent
                  | scales. (AC +2) [potion of mutation]
 88769 | Zot:4    | Gained mutation: Your magical capacity is low. (-10% MP)
                  | [potion of mutation]
 88769 | Zot:4    | Gained mutation: You are partially covered in large bone
                  | plates. (SH +4) [potion of mutation]
 88769 | Zot:4    | Gained mutation: You are vulnerable to heat. (rF-) [potion
                  | of mutation]
 88769 | Zot:4    | Gained mutation: Your skin changes colour to match your
                  | surroundings (Stealth+). [potion of mutation]
 88929 | Zot:5    | Noticed a dread lich
 88934 | Zot:4    | Killed an ancient lich
 88961 | Zot:4    | Killed a dread lich
 89043 | Zot:5    | Noticed an ancient lich
 89050 | Zot:4    | Killed a dread lich
 89080 | Zot:5    | Killed an ancient lich
 89117 | Zot:5    | Noticed a dread lich
 89129 | Zot:4    | Killed a dread lich
 89807 | Zot:5    | Killed an ancient lich
 89809 | Zot:5    | Killed an ancient lich
 89999 | Zot:5    | Got the Orb of Zot
 90168 | Depths:2 | Gained mutation: Potions are less effective at restoring
                  | your health. [a cacodemon]
 90172 | Depths:1 | Lost mutation: You are vulnerable to heat. (rF-) [potion of
                  | mutation]
 90172 | Depths:1 | Lost mutation: Your magical capacity is low. (-10% MP)
                  | [potion of mutation]
 90172 | Depths:1 | Lost mutation: You are partially covered in large bone
                  | plates. (SH +4) [potion of mutation]
 90172 | Depths:1 | Gained mutation: Your magical capacity is low. (-10% MP)
                  | [potion of mutation]
 90172 | Depths:1 | Gained mutation: You sometimes lose your temper in combat.
                  | [potion of mutation]
 90172 | Depths:1 | Gained mutation: You are robust. (+10% HP) [potion of
                  | mutation]
 90173 | Depths:1 | Lost mutation: Potions are less effective at restoring your
                  | health. [potion of mutation]
 90173 | Depths:1 | Lost mutation: Your skin changes colour to match your
                  | surroundings (Stealth+). [potion of mutation]
 90173 | Depths:1 | Gained mutation: Your muscles are strong. (Str +4, Int/Dex
                  | -1) [potion of mutation]
 90173 | Depths:1 | Gained mutation: You can exhale a cloud of poison. [potion
                  | of mutation]
 90262 | D:14     | Noticed Oteruty the pandemonium lord
 90582 | D:$      | Escaped with the Orb!

Illustrated notes

Levels and vault maps discovered:
D:1:      dpeg_arrival_rhombi, layout_rooms, corexii_leaking_fountain
D:2:      layout_loops_corners, shapermc_ecumenical_altar_pompeii, uniq_natasha,
          uniq_robin
D:3:      layout_loops_ring, saegor_snake_ambush
D:4:      layout_cave_pods, serial_shops, nicolae_stop_n_shop_1
D:5:      layout_gridville, mainiacjoe_overflow_six_doors_small, serial_shops,
          shop, nicolae_shop_hallway_stairs, kennysheep_mini_moat, shop, shop
D:6:      layout_basic, grunt_ministairs_9
D:7:      layout_loops_ring, minmay_temple_entry_stoned_glass, serial_rivers,
          chequers_serial_rivers_small_3, chequers_serial_rivers_room_a,
          chequers_serial_rivers_small_b, chequers_serial_rivers_micro_c,
          serial_shops, shop, nicolae_lava_and_water, chequers_arboretum,
          kennysheep_generic_room_8, uniq_duvessa
D:8:      layout_rooms, nicolae_overflow_hallway_of_the_gods,
          nicolae_shop_i_like_small_books_too, nicolae_wooded_promenade
D:9:      layout_loops_cross, eino_tiny_chamber, minivault_13
D:10:     layout_basic
D:11:     layout_cave_pods, grunt_lair_entry_orc_guard_hut, hiddenorc1_lemuel,
          ebering_ghost_gozag, serial_shops, nicolae_stop_n_shop_2
D:12:     layout_roguey
D:13:     layout_rooms, serial_shops, shop, gammafunk_ghost_wrathful_warriors
D:14:     layout_rooms, grunt_vaults_entry_tiered,
          portal_ice_cave_entry_pillars_four, minmay_misc_feat_rows, drop_trap
D:15:     grunt_enter_depths_hoard, layout_basic, nzn_wu_jian_council_hall,
          uniq_nessos
Lair:1:   beast_lair_carwin_large_3, layout_chaotic_city,
          grunt_forest_small_clearing_treed, lemuel_fruit_fields
Lair:2:   dreamdust_isle_of_ice, layout_misc_corridors,
          minmay_snake_entry_spellcaster, grunt_megastairs_2
Lair:3:   minmay_lair_oklob_chamber, layout_hall_layers,
          minmay_swamp_entry_reptiles, grunt_megastairs_4
Lair:4:   layout_gridlike, enter_volcano_3, chequers_serial_rivers_large_a,
          infiniplex_staircase_pool, serial_bayou_shore_b
Lair:5:   minmay_lair_end_frog_pond, layout_misc_corridors,
          nicolae_slime_entry_slimehenge, gauntlet_entry_generic, uniq_sonja
Swamp:1:  layout_basic_swamp, serial_swamp_ruin, evilmike_swamp_ruin_house_6,
          hangedman_swamp_ruin_wall
Swamp:2:  layout_basic_swamp, hangedman_swamp_ruin_hall,
          nicolae_swamp_well_well_well
Swamp:3:  layout_basic_swamp, evilmike_swamp_ruin_house_1
Swamp:4:  swamp_old_school, layout_basic_swamp, swamp_pool2
Snake:1:  nicolae_snake_nest, layout_layer_cave, serial_bayou_pond_b,
          uniq_roxanne
Snake:2:  layout_cave_pods, minmay_shoptagon
Snake:3:  onia_ninara_swampy_vault, layout_onion_interference, st_stairs_9
Snake:4:  grunt_snake_rune_pools, layout_cave_town, serial_shops,
          nicolae_shop_tiny_real_fake_doors, uniq_vashnia
Orc:1:    layout_caves
Orc:2:    grunt_orc_gardens, layout_diamond_mine, grunt_orc_garden,
          grunt_orc_garden, grunt_orc_garden, grunt_orc_garden, basic_altar,
          uniq_donald
Elf:1:    elf_arrival_002, layout_geoelf_diagonals,
          gammafunk_ghost_berserking_beasts, serial_shops,
          nicolae_shop_peninsula, minivault_28, drop_trap,
          kilobyte_rumbling_trees, lemuel_upstairs_altar
Elf:2:    elven_hall_of_blades_hangedman_alternative
          [nicolae_blade_entry_pointy_end], layout_geoelf_grid, serial_shops,
          shop
Elf:3:    minmay_elf_hall_circle, layout_gridlike, gammafunk_ghost_grave,
          serial_shops, nicolae_shop_trees, minmay_checkered_concentric_circles
Vaults:1: ontoclasm_vaults_fault, nicolae_vaults_closet_pinwheel_6,
          nicolae_vaults_stepped_doors, v_misc_10, nicolae_vaults_museum,
          ontoclasm_vaults_bender, v_misc_26, hangedman_vaults_capsules,
          nicolae_vaults_network_square, vaults_dpeg_encased_lava,
          nicolae_vaults_offset_grid_hallway_4, ontoclasm_vaults_idyll,
          layout_vaults_big_cross
Vaults:2: v_misc_27, nicolae_vaults_hallways_thing, ontoclasm_vaults_eye,
          minmay_crypt_entry_necro_gods, dpeg_vaults_pockets_of_resistance,
          v_misc_12, v_misc_5, nicolae_vaults_trapezoid_2, vaults_dpeg_ring,
          nicolae_vaults_three_branches, nicolae_vaults_little_ls,
          nicolae_vaults_storage_room_statues, nicolae_vaults_six-pack,
          vaults_room_octagon, ontoclasm_vaults_loading_screen,
          layout_vaults_omnibox, uniq_saint_roka, uniq_aizul, uniq_asterion
Vaults:3: nicolae_vaults_rhombus_6, st_star, vaults_room_boxed,
          hangedman_vaults_snaps, nicolae_vaults_tetromino_T_2,
          nicolae_vaults_heart-shaped_vault, layout_vaults_chaotic_city,
          serial_shops, nicolae_shop_rolling_square, shop, shop
Vaults:4: ontoclasm_vaults_claustrophobia, nicolae_vaults_alarming,
          nicolae_vaults_what_the_h, nicolae_vaults_little_squares_5,
          nicolae_vaults_stand_back, hangedman_vaults_slither,
          vaults_mumra_chevron, nicolae_vaults_stairing_the_circle,
          nicolae_vaults_tetromino_L_1, nicolae_vaults_apartment_2,
          ontoclasm_vaults_ligature, vaults_room_fours, layout_vaults_maze
Vaults:5: serial_shops
Depths:1: layout_cave_shapes, pan_entry, grunt_hell_entry_dis_mu, moated_statue,
          nicolae_shop_gadgets, serial_bayou_shore_b, serial_bayou_shore_b,
          minmay_shop_grove, uniq_sojobo
Depths:2: grunt_twist_and_shout, layout_small_grid, enter_ziggurat_e,
          lemuel_statue_altar, hangedman_coc_ice_floe, pan_entry,
          minmay_misc_feat_doors, uniq_mara
Depths:3: dreamdust_experimentation, layout_honeycomb,
          nicolae_gozag_seed_capital, minmay_room_of_horrors,
          pf_hell_entry_tar_spiral, minmay_staircase_bubble
Depths:4: grunt_zot_entry_funnels, layout_gridville, elyvilon_altar_3,
          hell_entry, nicolae_dithmenos_the_darkroom
Zot:1:    layout_gridlike
Zot:2:    circus_mu, layout_basic, nicolae_shop_clearance
Zot:3:    layout_gridlike, serial_nicolae_subway, nicolae_sub_station_stone,
          nicolae_sub_station_metal, nicolae_sub_station_crystal
Zot:4:    kennysheep_ambush_hall, layout_gridlike, uniq_grunn
Zot:5:    layout_cellular_growth

Skill      XL: |  1  2  3  4  5  6  7  8  9 10 11 12 13 14 15 16 17 18 19 20 21 22 23 24 25 26 27 |
---------------+----------------------------------------------------------------------------------+-----
Polearms       | 3 4 5 6 7 9 10 12 14 17 18 19 20 | 20.4
Armour         | 3 5 7 8 9 10 11 12 13 14 15 16 17 | 17.1
Fighting       | 4 7 9 10 11 12 13 14 15 16 17 18 19 | 19.2
Evocations     | 3 6 7 10 12 13 14 15 16 17 18 19 20 | 20.3
Shields        | 5 |  5.0
Throwing       | 1 4 6 8 10 11 12 13 14 15 16 17 18 | 18.5
Dodging        | 1 4 6 8 10 11 12 13 14 15 16 17 | 17.2
Translocations | 4 5 |  5.0
Spellcasting   | 3 |  3.0
Axes           | 6 7 9 |  9.8

Action                     |  1- 3 |  4- 6 |  7- 9 | 10-12 | 13-15 | 16-18 | 19-21 | 22-24 | 25-27 || total
---------------------------+-------+-------+-------+-------+-------+-------+-------+-------+-------++-------
  Melee: Trident           |    35 |    56 |   288 |   196 |    82 |       |       |       |       ||   657
         Dagger            |    72 |   129 |       |       |       |       |       |       |       ||   201
         Glaive            |       |       |       |   391 |  1016 |  1312 |  1378 |  1480 |  1340 ||  6917
         Constrict         |       |       |       |       |   173 |   153 |   213 |   239 |   141 ||   919
         Punch             |       |       |       |       |     5 |       |       |       |       ||     5
         Executioner's axe |       |       |       |       |       |       |       |    86 |       ||    86
  Throw: Throwing net      |       |       |       |       |     1 |       |       |       |       ||     1
         Javelin           |       |       |       |       |       |     6 |     9 |    21 |     4 ||    40
         Dart              |       |       |       |       |       |       |       |     1 |       ||     1
   Cast: Apportation       |       |       |       |       |       |       |     3 |       |       ||     3
 Invoke: Call Merchant     |       |       |       |       |     3 |     4 |     2 |     1 |       ||    10
         Bribe Branch      |       |       |       |       |       |       |       |       |     2 ||     2
Ability: Spit Poison       |    11 |     9 |    11 |    11 |       |       |       |       |       ||    42
  Evoke: Wand              |       |     8 |    22 |    24 |    16 |    36 |     2 |     7 |    27 ||   142
         Lightning rod     |       |       |       |     4 |     2 |     8 |       |       |       ||    14
         Box of beasts     |       |       |       |       |       |     3 |       |     3 |     2 ||     8
         Condenser vane    |       |       |       |       |       |       |       |       |     1 ||     1
    Use: Potion            |     2 |     4 |     2 |     9 |     8 |     7 |     1 |    10 |    23 ||    66
         Scroll            |       |     8 |     9 |     7 |     7 |    19 |     5 |    17 |    10 ||    82
   Stab: Distracted        |       |       |       |     2 |     5 |     4 |    15 |     6 |     5 ||    37
         Held in net/web   |       |       |       |       |     1 |       |       |       |       ||     1
 Armour: Scale mail        |    68 |    60 |    59 |    89 |       |       |       |       |       ||   276
         Skin              |       |       |    21 |       |       |       |       |       |       ||    21
         Chain mail        |       |       |       |    91 |    81 |   249 |   334 |   410 |   489 ||  1654
         Plate armour      |       |       |       |       |   291 |   461 |       |    71 |   159 ||   982
  Dodge: Dodged            |    45 |    46 |    48 |   151 |   327 |   352 |   185 |   362 |   457 ||  1973
  Block: Buckler           |    34 |    63 |   104 |    65 |       |       |       |       |       ||   266
         Reflection        |       |     1 |    10 |    10 |    10 |    27 |    21 |     5 |    14 ||    98
         Other             |       |       |       |    72 |   122 |   191 |    93 |   109 |   171 ||   758
